3AAA
CALGARY LYNX @ MONONGAHELA MONSTERS
06/30/2041
 
TOP OF THE 1ST
Calgary Lynx batting - Pitching for Monongahela Monsters : RHP Santiago Ramírez
Pitching: RHP Santiago Ramírez
Batting: SHB John Hawley 0-0: Foul Ball, location: 2F
0-1: DOUBLE (Flyball, 8LXD, EV 93.1 MPH)
Batting: LHB Tim O'Neal 0-0: Ball
1-0: Swinging Strike
1-1: Ball
2-1: Ground out 4-3 (Groundball, 4S, EV 86.9 MPH)
John Hawley to third
Batting: LHB Henry Buckley 0-0: Fly out, F9 (Flyball, 9, EV 97.5 MPH)
Batting: LHB Sergio Cruz 0-0: Fly out, F9 (Flyball, 9LD, EV 91.2 MPH)
Top of the 1st over - 0 runs, 1 hit, 0 errors, 1 left on base; Calgary 0 - Monongahela 0
BOTTOM OF THE 1ST
Monongahela Monsters batting - Pitching for Calgary Lynx : RHP Lorenzo Díaz
Pitching: RHP Lorenzo Díaz
Batting: RHB Colt Allen 0-0: Foul Ball, location: 2F
0-1: Foul Ball, location: 2F
0-2: Ball
1-2: Ball
2-2: Strikes out swinging
Batting: RHB Li-ren Ku 0-0: Ball
1-0: Ball
2-0: Called Strike
2-1: Fly out, F9 (Line Drive, 9, EV 96.2 MPH)
Batting: LHB Max Sinclair 0-0: Ball
1-0: Foul Ball, location: 2F
1-1: Foul Ball, location: 2F
1-2: Foul Ball, location: 2F
1-2: Ball
2-2: Ball
3-2: Ground out 4-3 (Groundball, 4, EV 101.2 MPH)
Bottom of the 1st over - 0 runs, 0 hits, 0 errors, 0 left on base; Calgary 0 - Monongahela 0
TOP OF THE 2ND
Calgary Lynx batting - Pitching for Monongahela Monsters : RHP Santiago Ramírez
Batting: RHB Jihan Tuah 0-0: Ball
1-0: Ball
2-0: Ground out 2-3 (Groundball, 15S, EV 65.0 MPH)
Batting: LHB Jeff Hershberger 0-0: Called Strike
0-1: Ball
1-1: Swinging Strike
1-2: Strikes out swinging
Batting: SHB Abraham In de Boomgaert 0-0: Called Strike
0-1: Swinging Strike
0-2: Ball
1-2: Strikes out swinging
Top of the 2nd over - 0 runs, 0 hits, 0 errors, 0 left on base; Calgary 0 - Monongahela 0
BOTTOM OF THE 2ND
Monongahela Monsters batting - Pitching for Calgary Lynx : RHP Lorenzo Díaz
Batting: SHB Roger Dorn 0-0: Fly out, F6 (Popup, 6M, EV 77.5 MPH)
Batting: RHB Richello Oliva 0-0: Called Strike
0-1: Ball
1-1: Swinging Strike
1-2: Strikes out swinging
Batting: RHB Roger Snodgrass 0-0: Ball
1-0: Ball
2-0: Foul Ball, location: 2F
2-1: Reached on error, E6 (Groundball, 6, EV 96.9 MPH)
Batting: RHB Shao Qigang 0-0: Ball
1-0: SINGLE (Groundball, 34D, EV 106.9 MPH)
Roger Snodgrass to second
Runner from 2nd tries for 3rd, SAFE, no throw by RF
Batting: SHB Hélio Capriati 0-0: Ball
1-0: Ball
2-0: Called Strike
2-1: Fielders Choice at 2nd, 6-4 (Groundball, 6, EV 83.1 MPH)
Bottom of the 2nd over - 0 runs, 1 hit, 1 error, 2 left on base; Calgary 0 - Monongahela 0
TOP OF THE 3RD
Calgary Lynx batting - Pitching for Monongahela Monsters : RHP Santiago Ramírez
Batting: RHB Isagani Gorre 0-0: Ball
1-0: Foul Ball, location: 2F
1-1: Fly out, F7 (Flyball, 7S, EV 81.2 MPH)
Batting: SHB Jim Santos 0-0: Swinging Strike
0-1: Ground out U3 (Groundball, 34, EV 78.1 MPH)
Batting: SHB John Hawley 0-0: Called Strike
0-1: Ball
1-1: Foul Ball, location: 2F
1-2: Ball
2-2: Foul Ball, location: 2F
2-2: Strikes out swinging
Top of the 3rd over - 0 runs, 0 hits, 0 errors, 0 left on base; Calgary 0 - Monongahela 0
BOTTOM OF THE 3RD
Monongahela Monsters batting - Pitching for Calgary Lynx : RHP Lorenzo Díaz
Batting: LHB Ramiro Palmeiro 0-0: Called Strike
0-1: Ball
1-1: Ball
2-1: Called Strike
2-2: Ball
3-2: Foul Ball, location: 2F
3-2: Base on Balls
Batting: RHB Colt Allen 0-0: Foul Ball, location: 2F
0-1: Ball
1-1: Called Strike
1-2: Strikes out looking
Batting: RHB Li-ren Ku 0-0: Ball
1-0: SINGLE (Line Drive, 9S, EV 88.1 MPH)
Ramiro Palmeiro to second
Batting: LHB Max Sinclair 0-0: Ball
1-0: Called Strike
1-1: Called Strike
1-2: Foul Ball, location: 2F
1-2: Ball
2-2: Fly out, F8 (Flyball, 8RXD, EV 78.1 MPH)
Runner from 2nd tags up, SAFE at 3rd, no throw by CF
Batting: SHB Roger Dorn 0-0: Foul Ball, location: 2F
0-1: Ball
1-1: Ball
2-1: Swinging Strike
2-2: Foul Ball, location: 2F
2-2: Foul Ball, location: 2F
2-2: Ball
Li-ren Ku steals 2nd base
3-2: Ground out 3-1 (Groundball, 34D, EV 98.8 MPH)
Bottom of the 3rd over - 0 runs, 1 hit, 0 errors, 2 left on base; Calgary 0 - Monongahela 0
TOP OF THE 4TH
Calgary Lynx batting - Pitching for Monongahela Monsters : RHP Santiago Ramírez
Batting: LHB Tim O'Neal 0-0: Called Strike
0-1: Ball
1-1: Ball
2-1: Foul Ball, location: 2F
2-2: Ground out U3 (Groundball, 3, EV 91.9 MPH)
Batting: LHB Henry Buckley 0-0: Ball
1-0: SINGLE (Line Drive, 56D, EV 94.4 MPH)
Batting: LHB Sergio Cruz 0-0: SINGLE (Groundball, 34D, EV 108.1 MPH)
Henry Buckley to second
Runner from 2nd tries for 3rd, OUT! 9-5
Batting: RHB Jihan Tuah 0-0: Ball
1-0: SINGLE (Groundball, 56D, EV 95.0 MPH)
Sergio Cruz to second
Batting: LHB Jeff Hershberger 0-0: Foul Ball, location: 2F
0-1: Called Strike
0-2: Ball
1-2: Ball
2-2: Foul Ball, location: 2F
2-2: Ball
3-2: SINGLE (Groundball, 34D, EV 105.0 MPH)
Sergio Cruz to third
Jihan Tuah to second
Sergio Cruz scores
Jihan Tuah to third
Batting: SHB Abraham In de Boomgaert 0-0: Ball
1-0: Foul Ball, location: 2F
1-1: Foul Ball, location: 2F
1-2: Hit by Pitch
Jeff Hershberger to second
Batting: RHB Isagani Gorre 0-0: SINGLE (Line Drive, 78M, EV 88.8 MPH)
Jihan Tuah scores
Jeff Hershberger to third
Abraham In de Boomgaert to second
Runner from 3rd tries for Home, SAFE, throw by LF to home
Batting: SHB Jim Santos 0-0: Ball
1-0: Ball
2-0: Foul Ball, location: 2F
2-1: Foul Ball, location: 2F
2-2: Ball
3-2: Foul Ball, location: 2F
3-2: Base on Balls
Abraham In de Boomgaert to third
Isagani Gorre to second
Batting: SHB John Hawley 0-0: Ball
1-0: Ball
2-0: DOUBLE (Flyball, 89XD, EV 113.1 MPH)
Abraham In de Boomgaert scores
Isagani Gorre scores
Jim Santos to third
Runner from 3rd tries for Home, SAFE, throw by RF to home
Pitching: LHP Elliot Rickard
Batting: LHB Tim O'Neal 0-0: Called Strike
0-1: Foul Ball, location: 2F
0-2: Fly out, F9 (Flyball, 9S, EV 88.8 MPH)
Top of the 4th over - 6 runs, 6 hits, 0 errors, 1 left on base; Calgary 6 - Monongahela 0
BOTTOM OF THE 4TH
Monongahela Monsters batting - Pitching for Calgary Lynx : RHP Lorenzo Díaz
Batting: RHB Richello Oliva 0-0: Ball
1-0: Ball
2-0: Ball
3-0: Base on Balls
Batting: RHB Roger Snodgrass 0-0: Foul Ball, location: 2F
0-1: Called Strike
0-2: Ball
1-2: Ball
2-2: Strikes out looking
Batting: RHB Shao Qigang 0-0: Fly out, F9 (Flyball, 9LM, EV 92.5 MPH)
Batting: SHB Hélio Capriati 0-0: Called Strike
0-1: 2-RUN HOME RUN (Line Drive, 89XD, EV 93.8 MPH), Distance : 419 ft
Batting: LHB Ramiro Palmeiro 0-0: Fly out, F9 (Flyball, 9S, EV 89.4 MPH)
Bottom of the 4th over - 2 runs, 1 hit, 0 errors, 0 left on base; Calgary 6 - Monongahela 2
TOP OF THE 5TH
Calgary Lynx batting - Pitching for Monongahela Monsters : LHP Elliot Rickard
Batting: LHB Henry Buckley 0-0: Called Strike
0-1: Swinging Strike
0-2: Ball
1-2: Strikes out looking
Batting: LHB Sergio Cruz 0-0: Swinging Strike
0-1: Foul Ball, location: 2F
0-2: Strikes out swinging
Batting: RHB Jihan Tuah 0-0: Ball
1-0: Ball
2-0: Foul Ball, location: 2F
2-1: Ball
3-1: Foul Ball, location: 2F
3-2: Base on Balls
Batting: LHB Jeff Hershberger 0-0: Ball
1-0: Called Strike
1-1: Ball
2-1: Ball
3-1: Foul Ball, location: 2F
3-2: Foul Ball, location: 2F
3-2: Base on Balls
Jihan Tuah to second
Batting: SHB Abraham In de Boomgaert 0-0: Swinging Strike
0-1: Ball
1-1: Fly out, F6 (Popup, 6MD, EV 53.8 MPH)
Top of the 5th over - 0 runs, 0 hits, 0 errors, 2 left on base; Calgary 6 - Monongahela 2
BOTTOM OF THE 5TH
Monongahela Monsters batting - Pitching for Calgary Lynx : RHP Lorenzo Díaz
Batting: RHB Colt Allen 0-0: Ball
1-0: Ball
2-0: Called Strike
2-1: Ball
3-1: Ground out U3 (Groundball, 3L, EV 80.6 MPH)
Batting: RHB Li-ren Ku 0-0: Ball
1-0: Fly out, F9 (Flyball, 9D, EV 90.0 MPH)
Batting: LHB Max Sinclair 0-0: Foul Ball, location: 2F
0-1: Ball
1-1: Ball
2-1: Called Strike
2-2: Ball
3-2: Foul Ball, location: 2F
3-2: Foul Ball, location: 2F
3-2: Foul Ball, location: 2F
3-2: Foul Ball, location: 2F
3-2: Foul Ball, location: 2F
3-2: SINGLE (Groundball, 6MD, EV 95.6 MPH)
Batting: SHB Roger Dorn 0-0: Ball
Max Sinclair steals 2nd base
1-0: Foul Ball, location: 2F
1-1: Ball
2-1: Fly out, F8 (Flyball, 8RM, EV 83.8 MPH)
Bottom of the 5th over - 0 runs, 1 hit, 0 errors, 1 left on base; Calgary 6 - Monongahela 2
TOP OF THE 6TH
Calgary Lynx batting - Pitching for Monongahela Monsters : LHP Elliot Rickard
Batting: RHB Isagani Gorre 0-0: Fly out, F3 (Popup, 23F, EV 84.4 MPH)
Batting: SHB Jim Santos 0-0: Ball
1-0: Ball
2-0: SINGLE (Line Drive, 56, EV 96.9 MPH)
Batting: SHB John Hawley 0-0: Called Strike
0-1: Foul Ball, location: 2F
0-2: Strikes out swinging
Batting: LHB Tim O'Neal 0-0: Ball
1-0: Ball
2-0: Fly out, F7 (Flyball, 78S, EV 88.1 MPH)
Top of the 6th over - 0 runs, 1 hit, 0 errors, 1 left on base; Calgary 6 - Monongahela 2
BOTTOM OF THE 6TH
Monongahela Monsters batting - Pitching for Calgary Lynx : RHP Lorenzo Díaz
Batting: RHB Richello Oliva 0-0: Foul Ball, location: 2F
0-1: Swinging Strike
0-2: Strikes out swinging
Batting: RHB Roger Snodgrass 0-0: Called Strike
0-1: Ball
1-1: Called Strike
1-2: Ground out 4-3 (Groundball, 4, EV 86.2 MPH)
Batting: RHB Shao Qigang 0-0: Ball
1-0: Ball
2-0: Ball
3-0: Base on Balls
Pitching: RHP Juan Espinosa
Batting: SHB Hélio Capriati 0-0: Fielders Choice at 2nd, 5-4 (Groundball, 5L, EV 95.0 MPH)
Bottom of the 6th over - 0 runs, 0 hits, 0 errors, 1 left on base; Calgary 6 - Monongahela 2
TOP OF THE 7TH
Calgary Lynx batting - Pitching for Monongahela Monsters : LHP Elliot Rickard
Batting: LHB Henry Buckley 0-0: Ball
1-0: Swinging Strike
1-1: Ground out 1-3 (Groundball, 13, EV 84.4 MPH)
Batting: LHB Sergio Cruz 0-0: Foul Ball, location: 2F
0-1: Ball
1-1: Called Strike
1-2: Ball
2-2: Ball
3-2: Foul Ball, location: 2F
3-2: Base on Balls
Batting: RHB Jihan Tuah 0-0: Called Strike
0-1: Called Strike
0-2: Ball
1-2: Foul Ball, location: 2F
1-2: Strikes out swinging
Batting: LHB Jeff Hershberger 0-0: Swinging Strike
0-1: Ball
1-1: Ball
2-1: Ball
3-1: Base on Balls
Sergio Cruz to second
Pitching: RHP Waylon Fraser
Batting: SHB Abraham In de Boomgaert 0-0: Ground out 5-3 (Groundball, 56S, EV 83.8 MPH)
Top of the 7th over - 0 runs, 0 hits, 0 errors, 2 left on base; Calgary 6 - Monongahela 2
BOTTOM OF THE 7TH
Monongahela Monsters batting - Pitching for Calgary Lynx : RHP Juan Espinosa
Batting: LHB Ramiro Palmeiro 0-0: Ball
1-0: Ball
2-0: Called Strike
2-1: Foul Ball, location: 2F
2-2: SINGLE (Groundball, 4MD, EV 98.8 MPH)
Batting: RHB Colt Allen 0-0: Called Strike
0-1: Ball
1-1: Fielders Choice at 2nd, 4-6 (Groundball, 4, EV 77.5 MPH)
Batting: RHB Li-ren Ku 0-0: Swinging Strike
0-1: Ball
1-1: SINGLE (Line Drive, 34D, EV 98.8 MPH)
Colt Allen to second
Runner from 2nd tries for 3rd, SAFE, throw by RF made to third
Batting: LHB Max Sinclair 0-0: Called Strike
0-1: Foul Ball, location: 2F
0-2: Foul Ball, location: 2F
0-2: Foul Ball, location: 2F
0-2: Ball
1-2: Foul Ball, location: 2F
1-2: Ball
2-2: Ground out 4-3 (Groundball, 4M, EV 99.4 MPH)
Colt Allen scores
Li-ren Ku to second
Batting: SHB Roger Dorn 0-0: Ball
1-0: Ball
2-0: Called Strike
2-1: Fly out, F7 (Flyball, 78M, EV 85.6 MPH)
Bottom of the 7th over - 1 run, 2 hits, 0 errors, 1 left on base; Calgary 6 - Monongahela 3
TOP OF THE 8TH
Calgary Lynx batting - Pitching for Monongahela Monsters : RHP Waylon Fraser
Batting: RHB Isagani Gorre 0-0: Ball
1-0: Ground out 4-3 (Groundball, 4, EV 81.2 MPH)
Batting: SHB Jim Santos 0-0: Ball
1-0: Called Strike
1-1: Swinging Strike
1-2: Ground out U3 (Groundball, 34, EV 78.8 MPH)
Batting: SHB John Hawley 0-0: Ball
1-0: Fly out, F7 (Flyball, 7S, EV 79.4 MPH)
Top of the 8th over - 0 runs, 0 hits, 0 errors, 0 left on base; Calgary 6 - Monongahela 3
BOTTOM OF THE 8TH
Monongahela Monsters batting - Pitching for Calgary Lynx : RHP Juan Espinosa
Batting: RHB Richello Oliva 0-0: Ball
1-0: Ball
2-0: Ball
3-0: Base on Balls
Batting: RHB Roger Snodgrass 0-0: Ball
Wild Pitch!
Richello Oliva to second
1-0: Ball
2-0: Ball
3-0: Base on Balls
Pitching: RHP Miguel Rubia
Batting: RHB Shao Qigang 0-0: Called Strike
0-1: Called Strike
0-2: Fly out, F8 (Line Drive, 8RD, EV 106.9 MPH)
Batting: SHB Hélio Capriati 0-0: Grounds into double play, 6-4-3 (Groundball, 6, EV 93.1 MPH)
Bottom of the 8th over - 0 runs, 0 hits, 0 errors, 1 left on base; Calgary 6 - Monongahela 3
TOP OF THE 9TH
Calgary Lynx batting - Pitching for Monongahela Monsters : RHP Waylon Fraser
Pitching: RHP Wes Gilmore
Batting: LHB Tim O'Neal 0-0: Called Strike
0-1: Ball
1-1: Ball
2-1: Foul Ball, location: 2F
2-2: Foul Ball, location: 2F
2-2: Foul Ball, location: 2F
2-2: Fly out, F9 (Flyball, 89S, EV 87.5 MPH)
Batting: LHB Henry Buckley 0-0: Ball
1-0: Swinging Strike
1-1: Foul Ball, location: 2F
1-2: Ball
2-2: Foul Ball, location: 2F
2-2: Foul Ball, location: 2F
2-2: Ball
3-2: Strikes out swinging, 2-3 out at first.
Batting: LHB Sergio Cruz 0-0: Ball
1-0: Called Strike
1-1: Foul Ball, location: 2F
1-2: Foul Ball, location: 2F
1-2: Foul Ball, location: 2F
1-2: Strikes out swinging
Top of the 9th over - 0 runs, 0 hits, 0 errors, 0 left on base; Calgary 6 - Monongahela 3
BOTTOM OF THE 9TH
Monongahela Monsters batting - Pitching for Calgary Lynx : RHP Miguel Rubia
Batting: LHB Ramiro Palmeiro 0-0: Swinging Strike
0-1: Called Strike
0-2: SINGLE (Groundball, 4S, EV 90.6 MPH) (infield hit)
Batting: RHB Colt Allen 0-0: SINGLE (Groundball, 56D, EV 98.8 MPH)
Ramiro Palmeiro to second
Batting: RHB Li-ren Ku 0-0: DOUBLE (Line Drive, 78M, EV 97.5 MPH)
Ramiro Palmeiro scores
Colt Allen to third
Batting: LHB Max Sinclair 0-0: Ball
1-0: Ball
2-0: Ball
3-0: Called Strike
3-1: Base on Balls
Batting: SHB Roger Dorn 0-0: Ball
1-0: Foul Ball, location: 2F
1-1: Grounds into fielders choice 1-2 (Groundball, 13, EV 65.6 MPH)
Li-ren Ku to third
Max Sinclair to second
Batting: RHB Richello Oliva 0-0: Swinging Strike
0-1: Called Strike
0-2: Ball
1-2: Foul Ball, location: 2F
1-2: Strikes out swinging
Batting: RHB Roger Snodgrass 0-0: Ball
1-0: Ball
2-0: Called Strike
2-1: Foul Ball, location: 2F
2-2: Strikes out swinging
Bottom of the 9th over - 1 run, 3 hits, 0 errors, 3 left on base; Calgary 6 - Monongahela 4
Tuesday, January 5th, 2021 - OOTP Baseball 20.8 Build 74